 Dungeon Crawl Stone Soup version 0.18.1-8-gdd0e5ea (webtiles) character file.

4139 mindo the Thaumaturge (level 10, -2/91 HPs)
             Began as a High Elf Ice Elementalist on June 1, 2016.
             Slain by an eight-headed hydra (9 damage)
             ... on level 11 of the Dungeon on June 2, 2016.
             The game lasted 02:00:45 (12137 turns).

mindo the Thaumaturge (High Elf Ice Elementalist)  Turns: 12137, Time: 02:00:46

Health: -2/91      AC: 25    Str:  7    XL:     10   Next: 7%
Magic:  24/24      EV:  2    Int: 22    God:
Gold:   450        SH:  4    Dex: 17    Spells: 4 memorised, 16 levels left

rFire  . . .     SeeInvis .     n - +2 hand axe (flame)
rCold  . . .     Gourm    .     (armour currently unavailable)
rNeg   + + +     Faith    .     (no shield)
rPois  +         Spirit   .     (helmet currently unavailable)
rElec  .         Dismiss  .     (cloak currently unavailable)
rCorr  +         Reflect  +     (gloves currently unavailable)
SustAt .         Harm     .     (boots currently unavailable)
MR     +....     NoTele   +     j - +4 amulet of reflection
Stlth  +++.......               l - ring of resist corrosion
                                w - ring of positive energy

@: tree-form, somewhat resistant to hostile enchantments, fairly stealthy
A: no striking features
a: no special abilities


You were on level 11 of the Dungeon.
You were near starving.
You were a tree.
You visited 1 branch of the dungeon, and saw 12 of its levels.
You also visited: Sewer.

You collected 598 gold pieces.
You spent 148 gold pieces at shops.

Inventory:

Hand Weapons
 n - a +2 hand axe of flaming (weapon)
 s - a +0 short sword of speed
 u - a +1 shortbow of evasion
 x - a +1 spear of piercing
 H - a +0 vampiric short sword
 J - the +9 hand axe "Ogreslayer" {vamp, rF+ MP+9 Stlth-, unknown}
   (You found it on level 8 of the Dungeon)

   It inflicts no extra harm, but heals its wielder somewhat when it strikes a
   living foe.
   It protects you from fire.
   It affects your magic capacity (+9).
   It makes you less stealthy.
 K - a +0 bardiche
Missiles
 F - 27 arrows
Armour
 a - a +0 robe
 i - a +2 cloak (melded)
 v - the +1 robe of Quvuh (melded) {rElec rCorr Int-3 SInv}
   (You bought it in a shop on level 4 of the Dungeon)

   It affects your intelligence (-3).
   It insulates you from electricity.
   It lets you see invisible.
   It protects you from acid and corrosion.
 A - the +4 ring mail of the Enchanted Forest {rPois, unknown}
   (You found it on level 6 of the Dungeon)

   It protects you from poison.
Rods
 S - a +1 rod of ignition (10/10)
   (You found it on level 11 of the Dungeon)
Jewellery
 j - a +4 amulet of reflection (around neck)
 k - an uncursed amulet of regeneration {unknown}
 l - a ring of resist corrosion (right branch)
 w - a ring of positive energy (left branch)
 E - an uncursed ring of stealth {unknown}
Wands
 C - a wand of lightning (4/15)
 D - a wand of acid (6/15)
 N - a wand of lightning (7/15)
 Q - a wand of slowing (24/48)
Scrolls
 c - 4 scrolls of fear {unknown}
 h - a scroll of magic mapping {unknown}
 m - a scroll of recharging
 p - 2 scrolls of random uselessness
 r - a scroll of enchant weapon {unknown}
 t - a scroll of immolation
 y - a scroll of summoning {unknown}
 B - 2 scrolls of remove curse
 I - a scroll of acquirement {unknown}
 M - a scroll of vulnerability {unknown}
 P - a scroll of identify
 R - a scroll of fog {unknown}
 T - a scroll of enchant armour
Potions
 d - a potion of brilliance
 e - 3 potions of ambrosia {unknown}
 g - 2 potions of degeneration {unknown}
 o - 2 potions of lignification
 q - a potion of cure mutation {unknown}
 z - a potion of haste
 G - a potion of berserk rage {unknown}
Books
 b - a book of Frost

   Spells                             Type                      Level
   a - Freeze                         Ice                          1
   b - Throw Frost                    Conjuration/Ice              2
   c - Ozocubu's Armour               Charms/Ice                   3
   d - Throw Icicle                   Conjuration/Ice              4
   e - Summon Ice Beast               Ice/Summoning                4
Comestibles
 L - 4 fruits


   Skills:
 + Level 2.3 Fighting
 + Level 1.9 Axes
 + Level 6.9 Dodging
 + Level 3.5 Stealth
 + Level 9.9 Spellcasting
 + Level 1.3 Conjurations
 + Level 2.5 Charms
 + Level 1.8 Summonings
 + Level 8.7 Ice Magic


You had 16 spell levels left.
You knew the following spells:

 Your Spells              Type           Power        Failure   Level  Hunger
a - Freeze                Ice            ####         1%          1    None
b - Ozocubu's Armour      Chrm/Ice       #####...     1%          3    None
c - Summon Ice Beast      Ice/Summ       ####....     10%         4    ##.....
d - Throw Icicle          Conj/Ice       ####....     10%         4    ##.....


Dungeon Overview and Level Annotations

Branches:
Dungeon (12/15)            Temple (0/1) D:5            Lair (0/8) D:11
    Orc: D:9-12

Altars:
Makhleb
Pakellas

Shops:
D:4 *(=[   D:6 (


Message History

* * * LOW HITPOINT WARNING * * *
The eight-headed hydra barely misses you.
The howler monkey skeleton completely misses you. x2
The howler monkey skeleton barely misses you.
The howler monkey skeleton misses you.
You turn into a tree.
Your +2 cloak melds into your body.
The +1 robe of Quvuh {rElec rCorr Int-3 SInv} melds into your body.
Your roots penetrate the ground.
You feel strangely stable.
The eight-headed hydra bites you but does no damage. x2
The eight-headed hydra barely misses you.
You block the eight-headed hydra's attack.
The eight-headed hydra bites you but does no damage. x4
The howler monkey skeleton hits you but does no damage.
The howler monkey skeleton bites you but does no damage.
It was a potion of magic.
Magic courses through your body.
The howler monkey skeleton hits you but does no damage.
You block the howler monkey skeleton's attack.
The eight-headed hydra bites you but does no damage. x2
The eight-headed hydra bites you!
You die...

###### #.##.## .....###.##...
... ........#......#.#
.#######.###.###.# ..# .# #.#
#.# ..# ## #.# #.# ..# #.#
#.# ..# #.#####.###Z# ..#
#.........D♣# ..#
#.####.#.#### ..#
#.###.###.###### ..# #....#
##.....# ..# #.###.###.####.#
..####.####.#.##
........l....## ###########
###.##.###########PPPPPPPPP##
#.............#PPPPPP.?.PP#


You could see an eight-headed hydra and a howler monkey skeleton.

Vanquished Creatures
  Grinder (D:4)
  2 hungry ghosts (D:9)
  A water moccasin (D:9)
  An orc warrior (D:8)
  A black bear (D:7)
  2 ice beasts
  2 sky beasts
  3 centaurs
  2 crocodiles
  4 big kobolds
  3 giant frogs
  4 howler monkeys
  4 hounds
  8 jellies
  A gnoll shaman (D:5)
  An orc priest (D:5)
  4 giant frog skeletons
  An iguana (D:5)
  5 centaur skeletons
  Ijyb (D:2)
  Terence (D:2)
  2 orc wizards
  5 worker ants
  2 hound skeletons (D:4)
  A howler monkey zombie (D:7)
  19 gnolls
  15 adders
  2 river rats (D:3)
  2 oozes
  2 adder skeletons
  3 worms
  A dart slug (D:2)
  A giant gecko (D:1)
  10 orcs
  12 giant cockroaches
  10 goblins
  5 hobgoblins
  10 jackals
  5 quokkas
  5 ball pythons
  17 bats
  A giant gecko skeleton (D:6)
  A giant gecko zombie (D:5)
  7 giant newts
  17 kobolds
  5 rats
  A fungus (Sewer)
213 creatures vanquished.

Vanquished Creatures (collateral kills)
  Joseph (D:9)
  A troll (D:9)
  An ogre (D:9)
  Blork the orc (D:4)
  A giant frog (D:9)
  An orc wizard (D:8)
  A quokka zombie (D:7)
7 creatures vanquished.

Vanquished Creatures (others)
  A plant (D:11)
1 creature vanquished.

Grand Total: 221 creatures vanquished

Notes
Turn   | Place    | Note
--------------------------------------------------------------
     0 | D:1      | mindo the High Elf Ice Elementalist began the quest for the Orb.
     0 | D:1      | Reached XP level 1. HP: 11/11 MP: 4/4
   212 | D:1      | Reached XP level 2. HP: 15/17 MP: 4/6
  1104 | D:1      | Reached XP level 3. HP: 20/21 MP: 2/8
  1352 | D:2      | Noticed Ijyb
  1362 | D:2      | Killed Ijyb
  1362 | D:2      | Reached skill level 3 in Spellcasting
  1450 | D:2      | Noticed Terence
  1469 | D:2      | Reached XP level 4. HP: 25/27 MP: 10/10
  1476 | D:2      | Killed Terence
  2099 | D:2      | Learned a level 3 spell: Ozocubu's Armour
  2388 | D:2      | Reached XP level 5. HP: 32/32 MP: 4/11
  2865 | D:3      | Reached skill level 4 in Spellcasting
  2902 | D:3      | Found a glowing drain.
  2909 | Sewer    | Entered a sewer
  3054 | Sewer    | Reached XP level 6. HP: 26/37 MP: 13/13
  3257 | Sewer    | Reached skill level 1 in Fighting
  3265 | Sewer    | Reached skill level 1 in Axes
  3417 | D:3      | Reached skill level 5 in Ice Magic
  3503 | D:3      | Reached XP level 7. HP: 25/43 MP: 2/15
  4021 | D:4      | Learned a level 4 spell: Summon Ice Beast
  4054 | D:4      | Found Umnoxutu's Jewellery Shop.
  4059 | D:4      | Found Haecot's Antique Weapon Shoppe.
  4082 | D:4      | Noticed Grinder
  4120 | D:4      | Learned a level 4 spell: Throw Icicle
  4132 | D:4      | Killed Grinder
  4132 | D:4      | Reached skill level 5 in Spellcasting
  4159 | D:4      | Found Utyo's General Store.
  4460 | D:4      | Noticed Blork the orc
  4740 | D:4      | Found Dehawania's Food Emporium.
  4853 | D:4      | Found Cippupyo's Antique Armour Boutique.
  4865 | D:4      | Bought a colourful robe for 148 gold pieces
  4878 | D:4      | Identified the +1 robe of Quvuh {rElec rCorr Int-3 SInv} (You bought it in a shop on level 4 of the Dungeon)
  4948 | D:4      | Reached skill level 5 in Dodging
  5085 | D:4      | Killed Blork the orc
  5376 | D:5      | Entered Level 5 of the Dungeon
  5402 | D:5      | Reached skill level 1 in Charms
  5699 | D:5      | Found a staircase to the Ecumenical Temple.
  5853 | D:5      | You fall through a shaft for 2 floors!
  5962 | D:6      | Reached skill level 6 in Spellcasting
  5963 | D:6      | Found Guas's Weapon Shop.
  6059 | D:5      | Reached XP level 8. HP: 48/48 MP: 13/18
  7249 | D:6      | Got a heavily runed ring mail
  7597 | D:6      | Reached skill level 7 in Spellcasting
  8428 | D:7      | Reached skill level 8 in Spellcasting
  8541 | D:7      | Reached XP level 9. HP: 53/53 MP: 18/22
  8608 | D:7      | Reached skill level 1 in Summonings
  8996 | D:8      | Found a burning altar of Makhleb.
  9869 | D:8      | Got a translucent hand axe
 10764 | D:9      | Reached skill level 9 in Spellcasting
 10857 | D:9      | Found an oddly glowing altar of Pakellas.
 11016 | D:9      | Noticed Joseph
 11029 | D:9      | Killed Joseph
 11183 | D:9      | Noticed an unseen horror
 11279 | D:9      | Noticed a troll
 11407 | D:9      | Killed a troll
 11407 | D:9      | Reached XP level 10. HP: 23/60 MP: 9/24
 11602 | D:10     | Entered Level 10 of the Dungeon
 11925 | D:11     | Found a staircase to the Lair.
 12080 | D:12     | Noticed an eight-headed hydra
 12137 | D:11     | Slain by an eight-headed hydra

Skill      XL: |  1  2  3  4  5  6  7  8  9 |
---------------+----------------------------+-----
Spellcasting   | 3 4 6 8 9 |  9.9
Ice Magic      | 4 5 6 7 8 |  8.7
Dodging        | 3 4 5 6 |  6.9
Fighting       | 1 2 |  2.3
Axes           | 1 |  1.9
Charms         | 1 2 |  2.5
Stealth        | 3 |  3.5
Summonings     | 1 |  1.8
Conjurations   | |  1.3

Action                   |  1- 3 |  4- 6 |  7- 9 | 10-12 || total
-------------------------+-------+-------+-------+-------++-------
Melee: Short sword       |     4 |       |       |       ||     4
       Hand axe          |     6 |   143 |   158 |    13 ||   320
 Cast: Freeze            |    43 |    73 |   270 |    19 ||   405
       Ozocubu's Armour  |       |    10 |    32 |       ||    42
       Summon Ice Beast  |       |       |    16 |       ||    16
       Throw Icicle      |       |       |    14 |       ||    14
  Use: Scroll            |     4 |     4 |     7 |     1 ||    16
       Potion            |       |     4 |    18 |     2 ||    24
 Stab: Distracted        |       |       |     1 |       ||     1
  Eat: Bread ration      |     1 |     1 |     2 |       ||     4
       Fruit             |       |       |     6 |       ||     6
       Meat ration       |       |       |     3 |       ||     3
       Beef jerky        |       |       |     1 |       ||     1
       Pizza             |       |       |     2 |       ||     2
Armor: Robe              |    15 |   109 |   120 |    13 ||   257
       Skin              |       |       |     6 |    11 ||    17
Dodge: Dodged            |    37 |   233 |   314 |    54 ||   638
Block: Other             |       |       |    68 |    11 ||    79
       Reflection        |       |       |     5 |       ||     5
